 Dungeon Crawl Stone Soup version 0.19-a0-734-ge18daf0 (webtiles) character file.

10682 ololoev the Basher (level 11, -1/91 HPs)
             Began as a Centaur Fire Elementalist on June 22, 2016.
             Was an Elder of Yredelemnul.
             Slain by a yak (14 damage)
             ... on level 10 of the Dungeon.
             The game lasted 00:58:21 (15428 turns).

ololoev the Basher (Centaur Fire Elementalist)     Turns: 15428, Time: 00:58:22

Health: -1/91      AC: 16    Str: 15    XL:     11   Next: 39%
Magic:  1/16       EV:  9    Int: 19    God:    Yredelemnul [****..]
Gold:   379        SH:  2    Dex: 15    Spells: 3 memorised, 6 levels left

rFire  . . .     SeeInvis .     a - +2 flail (crush)
rCold  + . .     Gourm    .     w - +4 ring mail "Usytwave" {Int+5 Dex+6}
rNeg   . . .     Faith    .     (no shield)
rPois  .         Spirit   .     o - +2 helmet
rElec  .         Dismiss  .     (no cloak)
rCorr  .         Reflect  +     D - +1 pair of gloves
SustAt .         Harm     .     (no barding)
MR     .....                    k - amulet "Orchoe Tudde" {Reflect +Inv SH+2}
Stlth  +.........               G - ring of wizardry
                                y - ring of protection from cold

@: very quick, not resistant to hostile enchantments, very unstealthy
A: hooves 3, deformed body, speed 2, tough skin 3
a: Recall Undead Slaves, Injury Mirror, Animate Dead, Drain Life, Renounce
Religion, Evoke Invisibility


Innate Abilities, Weirdness & Mutations

You have hooves in place of feet.
Armour fits poorly on your strangely shaped body.
You cover ground very quickly.
You have extremely tough skin. (AC +3)

Inventory:

Hand Weapons
 a - a +2 flail of crushing (weapon)
 b - a +0 blowgun
Missiles
 j - 4 javelins (quivered)
 x - 16 poisoned needles
Armour
 o - a +2 helmet (worn)
 w - the +4 ring mail "Usytwave" (worn) {Int+5 Dex+6}
   (You found it on level 5 of the Dungeon)

   It affects your intelligence (+5).
   It affects your dexterity (+6).
 D - a +1 pair of gloves (worn)
Jewellery
 k - the amulet "Orchoe Tudde" (around neck) {Reflect +Inv SH+2}
   (You found it on level 7 of the Dungeon)

   [amulet of reflection]

   It shields you and reflects attacks.
   It lets you turn invisible.
   It affects your SH (+2).
 v - an uncursed ring of flight
 y - a ring of protection from cold (left hand)
 G - a ring of wizardry (right hand)
Wands
 s - a wand of iceblast (5/15)
Scrolls
 d - 2 scrolls of fear
 g - 2 scrolls of recharging {unknown}
 h - 4 scrolls of fog {unknown}
 i - a scroll of summoning
 l - 4 scrolls of remove curse
 m - a scroll of amnesia
 r - a scroll of enchant armour
 t - 3 scrolls of noise {unknown}
 u - 2 scrolls of enchant weapon
 A - 2 scrolls of blinking {unknown}
 B - a scroll of immolation {unknown}
 E - a scroll of magic mapping {unknown}
Potions
 e - a potion of lignification {unknown}
 n - 2 potions of ambrosia
 p - 4 potions of heal wounds
 q - a potion of resistance
 z - a potion of brilliance
 C - a potion of cure mutation {unknown}
 J - a potion of cancellation {unknown}
 K - a potion of invisibility {unknown}
Comestibles
 c - 6 bread rations


   Skills:
 + Level 6.9 Fighting
 * Level 8.9 Maces & Flails
 + Level 7.3 Throwing
 + Level 5.3 Armour
 - Level 1.3 Dodging
 - Level 1.2 Stealth
 - Level 1.7 Spellcasting
 - Level 1.6 Conjurations
 - Level 3.8 Hexes
 - Level 5.0 Fire Magic
 + Level 7.1 Invocations


You had 6 spell levels left.
You knew the following spells:

 Your Spells              Type           Power        Failure   Level  Hunger
a - Flame Tongue          Conj/Fire      ##...        4%          1    #......
b - Conjure Flame         Conj/Fire      ##......     12%         3    ###....
c - Inner Flame           Hex/Fire       ###.....     7%          3    ###....


You were on level 10 of the Dungeon.
You worshipped Yredelemnul.
Yredelemnul was greatly pleased with you.
You were near starving.

You visited 2 branches of the dungeon, and saw 11 of its levels.

You collected 379 gold pieces.

### #. ###.# #..# ###...# #..#
#.....#
##..###################.....#####
...................z.........(YY.
#..............@Y.Y.Y.######(YZ.
#...ZZz.........Y.....# #....
##...ZZ##########......# #....
..Z...ZZZ.......######.# #Y...
.Z##.##zZ..#...... #.# #....
.#.###z##......... #.# ###...#
##.#...###.......... #.####.....'
##.....##........... #.........##
##......##.......... #>........#.

Notes
Turn   | Place    | Note
--------------------------------------------------------------
     0 | D:1      | ololoev the Centaur Fire Elementalist began the quest for the Orb.
     0 | D:1      | Reached XP level 1. HP: 14/14 MP: 3/3
    15 | D:1      | Reached skill level 1 in Conjurations
   373 | D:1      | Reached XP level 2. HP: 13/20 MP: 0/4
   772 | D:1      | Reached skill level 1 in Maces & Flails
   828 | D:1      | Reached XP level 3. HP: 23/27 MP: 2/5
   829 | D:1      | Reached skill level 1 in Throwing
  1261 | D:1      | Reached skill level 1 in Fighting
  1728 | D:2      | Reached XP level 4. HP: 35/35 MP: 6/6
  1733 | D:2      | Learned a level 3 spell: Conjure Flame
  1973 | D:2      | Reached skill level 2 in Maces & Flails
  1992 | D:2      | Noticed Robin
  2028 | D:2      | Killed Robin
  2037 | D:2      | Got a shimmering helmet
  2055 | D:2      | Identified the +2 helmet of Responsibility {rN+++ rCorr Slay-3 SInv} (You took it off Robin on level 2 of the Dungeon)
  2231 | D:2      | Found a shimmering altar of Xom.
  3113 | D:2      | Reached XP level 5. HP: 37/40 MP: 7/7
  3264 | D:2      | Found a basalt altar of Yredelemnul.
  3270 | D:2      | Reached skill level 1 in Armour
  3431 | D:2      | Became a worshipper of Yredelemnul the Dark
  4607 | D:3      | Found a shadowy altar of Dithmenos.
  5222 | D:4      | Noticed Eustachio
  5487 | D:4      | Reached XP level 6. HP: 48/48 MP: 3/8
  5517 | D:4      | Reached skill level 1 in Invocations
  5633 | D:4      | Reached skill level 3 in Maces & Flails
  5723 | D:4      | Killed Eustachio
  5957 | D:4      | Reached XP level 7. HP: 51/56 MP: 9/9
  5998 | D:4      | Noticed Sigmund
  6017 | D:4      | Killed Sigmund
  6254 | D:4      | Reached skill level 4 in Maces & Flails
  6297 | D:4      | Found an oddly glowing altar of Pakellas.
  6392 | D:4      | Reached * piety under Yredelemnul
  6906 | D:5      | Entered Level 5 of the Dungeon
  6910 | D:5      | Found Kake's Weapon Boutique.
  7384 | D:5      | Noticed a green death
  7384 | D:5      | Noticed Dowan
  7385 | D:5      | Noticed Duvessa
  7385 | D:5      | Found a burning altar of Makhleb.
  7400 | D:5      | Killed Dowan
  7400 | D:5      | Reached XP level 8. HP: 25/63 MP: 10/10
  7404 | D:5      | Killed Duvessa
  7591 | D:5      | Found a glowing silver altar of Zin.
  7592 | D:5      | Noticed an angel
  7660 | D:5      | Found an ancient bone altar of Kikubaaqudgha.
  7660 | D:5      | Found a deep blue altar of Sif Muna.
  7662 | D:5      | Found a radiant altar of Vehumet.
  7665 | D:5      | Identified Kikubaaqudgha's Grimoire of Dark Arts
  7778 | D:5      | Reached skill level 5 in Maces & Flails
  8225 | D:3      | Learned a level 3 spell: Inner Flame
  8586 | D:5      | Found a staircase to the Ecumenical Temple.
  8602 | Temple   | Entered the Ecumenical Temple
  9161 | D:5      | Got a faintly glowing ring mail
  9172 | D:5      | Identified the +4 ring mail "Usytwave" {Int+5 Dex+6} (You found it on level 5 of the Dungeon)
  9249 | D:5      | Found a shattered altar of Ashenzari.
  9842 | D:6      | Reached skill level 1 in Hexes
 10548 | D:7      | Reached XP level 9. HP: 65/72 MP: 12/12
 10552 | D:7      | Reached ** piety under Yredelemnul
 10815 | D:7      | Got an ancient pewter amulet
 10816 | D:7      | Identified the amulet "Orchoe Tudde" {Reflect +Inv SH+2} (You found it on level 7 of the Dungeon)
 10858 | D:7      | Reached skill level 6 in Maces & Flails
 11196 | D:7      | crauler: >Ce >FE >Yred
 11196 | D:7      | crauler: ты что курил?
 11196 | D:7      | ololoev: лол хз
 11196 | D:7      | ololoev: так
 11196 | D:7      | ololoev: я тут стрик делаю
 11280 | D:7      | crauler: ты не шути так
 11280 | D:7      | crauler: а то еще поперхнусь водой
 11280 | D:7      | ololoev: да смотри
 11280 | D:7      | ololoev: норм комбо
 11280 | D:7      | ololoev: я кентавр, я быстрый и жирный
 11280 | D:7      | ololoev: у меня андед минионы
 11280 | D:7      | ololoev: я могу их иннерфлеймить!
 11280 | D:7      | ololoev: ULTIMATE COMBINATION
 11327 | D:7      | crauler: MHOGOHODOVOCHKA
 11329 | D:7      | ololoev: +2 flail of crushing to deal with TOUGH ENEMIES
 11622 | D:8      | Reached skill level 5 in Throwing
 11804 | D:8      | ololoev: во видал!
 11804 | D:8      | crauler: тем временем сар автоэксплорит ады, лол
 11804 | D:8      | crauler: кстати, иред разрешает иннерфлеймить нежить?
 11804 | D:8      | ololoev: lf
 11804 | D:8      | ololoev: да
 11804 | D:8      | crauler: #undeadlivesmatter
 11804 | D:8      | ololoev: а как ады надо?
 11804 | D:8      | crauler: ну он автоэксплорит и чистит
 11804 | D:8      | ololoev: я вчера тоже автоэксплорил
 11804 | D:8      | ololoev: а
 11804 | D:8      | crauler: там же нет смысла гулять
 11804 | D:8      | ololoev: я недавно тоже видел чела из vk группы dcss, он качался в адах
 11804 | D:8      | ololoev: там много кадров обитает
 11804 | D:8      | crauler: блин
 11804 | D:8      | ololoev: до уриста конечно далековато
 11804 | D:8      | crauler: не помню что он качал
 11804 | D:8      | crauler: в транке, инвоки явно вкачаны, но диск тоже дрочит
 11857 | D:8      | crauler: иннерфлейм урон от хд считает?
 11857 | D:8      | ololoev: нет вроде, там что-то фисированное, либо от павера
 12021 | D:8      | Reached skill level 5 in Invocations
 12257 | D:9      | Reached skill level 5 in Fighting
 12380 | D:9      | Found a sparkling altar of Nemelex Xobeh.
 12586 | D:9      | Noticed a troll
 12693 | D:9      | Killed a troll
 12693 | D:9      | Reached XP level 10. HP: 36/81 MP: 11/14
 12991 | D:9      | Found a stormy altar of Qazlal.
 13045 | D:9      | Reached *** piety under Yredelemnul
 13045 | D:9      | Reached skill level 7 in Maces & Flails
 13124 | D:9      | Found a sacrificial altar of Ru.
 13267 | D:10     | Entered Level 10 of the Dungeon
 13378 | D:10     | Noticed a cyclops
 13388 | D:10     | Killed a cyclops
 13674 | D:9      | crauler: а у вас еда убежала
 13691 | D:9      | Killed an unseen horror
 14168 | D:10     | Reached skill level 5 in Fire Magic
 14291 | D:10     | Received a gift from Yredelemnul
 14292 | D:10     | ololoev: норм подогнал!
 14316 | D:10     | Noticed a queen ant
 14358 | D:10     | Killed a queen ant
 14363 | D:10     | Reached skill level 8 in Maces & Flails
 14639 | D:10     | Noticed a manticore
 14655 | D:10     | Reached XP level 11. HP: 71/90 MP: 2/15
 14664 | D:10     | Reached **** piety under Yredelemnul
 14664 | D:10     | Reached skill level 5 in Armour
 14731 | D:10     | Noticed a hill giant
 14749 | D:10     | Killed a hill giant
 14942 | D:10     | Received a gift from Yredelemnul
 15364 | D:10     | Noticed Erolcha
 15372 | D:10     | Killed Erolcha
 15376 | D:10     | crauler: get out, it's gonna blow!
 15413 | D:10     | Received a gift from Yredelemnul
 15428 | D:10     | Slain by a yak

Dungeon Overview and Level Annotations

Branches:
Dungeon (10/15)            Temple (1/1) D:5
   Lair: D:8-11         Orc: D:9-12

Altars:
Ashenzari
Cheibriados
Dithmenos
Elyvilon
Fedhas
Gozag
Hepliaklqana
Kikubaaqudgha
Makhleb
Nemelex Xobeh
Okawaru
Pakellas
Qazlal
Ru
Sif Muna
Trog
Uskayaw
Vehumet
Xom
Yredelemnul
Zin
The Shining One

Shops:
D:5 (


Message History

Your basilisk zombie bites the yak.
Unknown command.
a - a +2 flail of crushing (weapon)
The yak snorts and paws the ground. x2
Your basilisk zombie barely misses the yak.
Your basilisk zombie bites the yak.
Your basilisk zombie barely misses the yak.
Yredelemnul accepts your kill.
You feel a bit more experienced.
The yak looks more healthy.
You hear an explosion!
Yredelemnul accepts your kill.
You feel a bit more experienced.
Yredelemnul grants you an undead servant!
You kill the yak!
Yredelemnul accepts your kill. What do you say? t - Shout!
Orders for allies: a - Attack new target. r - Retreat! s - Stop attacking. w - Wait here. f - Follow me.
Anything else - Stay silent.
Gang up on whom?
Press: ? - help, Dir - move target cursor, f - yak
Aim: a yak Attack!
Casting: Conjure Flame
Confirm with . or Enter, or press ? or * to list all spells.
Aiming: Inner Flame
Press: ? - help, Shift-Dir - straight line, f - wight, p - yak
Aim: a wight, wielding a spear and wearing a robe (friendly, not susceptible)
Your wight struggles to resist.
Your wight hits the yak with a spear. The yak gores your wight.
Your wight hits the yak with a spear!
The yak gores your wight but does no damage.
b - a +0 blowgun (weapon)
Your wight hits the yak but does no damage.
Fire/throw which item? (* to show all) (? for menu, Esc to quit)
Press: ? - help, Shift-Dir - straight line, f - yak, p - wight
Aim: a yak (lightly wounded)
You shoot a curare-tipped needle.
The curare-tipped needle barely misses the yak.
The curare-tipped needle hits the yak.
The yak is poisoned.
The yak convulses.
The yak seems to slow down.
The yak is lightly wounded.
The yak barely misses your wight.
Fire/throw which item? (* to show all) (? for menu, Esc to quit)
Press: ? - help, Shift-Dir - straight line, f/p - yak
Aim: a yak (lightly wounded)
You shoot a curare-tipped needle.
The curare-tipped needle barely misses the yak.
The curare-tipped needle hits the yak.
The yak looks as sick as possible!
The yak convulses.
The yak seems to be slow for longer.
The yak is lightly wounded.
The yak snorts and paws the ground.
Your wight barely misses the yak.
Fire/throw which item? (* to show all) (? for menu, Esc to quit)
Press: ? - help, Shift-Dir - straight line, f/p - yak
Aim: a yak (lightly wounded)
You shoot a curare-tipped needle.
The curare-tipped needle closely misses the yak.
The curare-tipped needle hits the yak.
The yak is poisoned.
The yak convulses.
The yak seems to slow down.
The yak is heavily wounded.
Unknown command.
a - a +2 flail of crushing (weapon)
Your wight hits the yak but does no damage.
The yak gores your wight!
You sock the yak! You kick the yak, but do no damage.
The yak is heavily wounded.
The yak gores you but does no damage.
Your wight hits the yak but does no damage.
You hit the yak.
The yak is severely wounded.
The yak gores you!
Your wight hits the yak but does no damage.
You hit the yak. You kick the yak, but do no damage.
The yak is severely wounded.
The yak gores you!
You die...
Your body rises from the dead as a mindless zombie.

You could see 4 yaks and a friendly wight.

Vanquished Creatures
  Erolcha (D:10)
  A hill giant (D:10)
  A manticore (D:10)
  A cyclops (D:10)
  A gargoyle (D:10)
  2 trolls (D:9)
  A two-headed ogre (D:10)
  Sigmund (D:4)
  A spriggan (D:8)
  Eustachio (D:4)
  3 yaks (D:10)
  15 soldier ants
  A water moccasin (D:9)
  2 sky beasts
  2 ice beasts
  2 phantoms
  3 centaurs
  4 ogres
  A crocodile (D:10)
  4 giant frogs
  A gnoll sergeant (D:4)
  A wyvern zombie (D:10)
  2 scorpions
  Dowan (D:5)
  8 killer bees
  5 wights
  A howler monkey (D:10)
  2 crimson imps
  2 jellies
  6 hounds
  2 giant frog skeletons
  6 orc priests
  10 orc wizards
  2 soldier ant zombies (D:10)
  4 iguanas
  16 worker ants
  An ogre zombie (D:9)
  A worker ant zombie (D:6)
  Robin (D:2)
  5 gnolls
  2 river rats (D:10)
  8 adders
  A scorpion zombie (D:10)
  2 adder zombies
  An orc zombie (D:8)
  An adder skeleton (D:6)
  An iguana skeleton (D:10)
  5 worms
  5 dart slugs
  7 giant geckos
  50 orcs
  4 giant cockroaches
  17 goblins
  16 hobgoblins
  18 jackals
  A quokka (D:5)
  A river rat zombie (D:10)
  2 ball pythons
  9 bats
  2 giant gecko zombies
  3 giant newts
  A jackal zombie (D:10)
  12 kobolds
  2 quokka skeletons
  15 rats
311 creatures vanquished.

Vanquished Creatures (collateral kills)
  A queen ant (D:10)
  An unseen horror (D:9)
  A basilisk (D:10)
  2 hungry ghosts
  3 soldier ants
  Duvessa (D:5)
  An orc warrior (D:6)
  A sky beast (D:10)
  A phantom (D:8)
  A centaur (D:10)
  An ogre (D:5)
  A giant frog (D:8)
  A killer bee (D:9)
  A crimson imp (D:5)
  A centaur skeleton (D:7)
  An iguana (D:10)
  3 hounds
  6 worker ants (D:10)
  A river rat (D:10)
  An adder zombie (D:5)
  A giant gecko (D:8)
  2 orcs
  A jackal (D:10)
34 creatures vanquished.

Vanquished Creatures (others)
  A flying skull (D:10)
  A hill giant zombie (D:10)
  A water moccasin zombie (D:9)
  A centaur zombie (D:5)
  A basilisk zombie (D:10)
  A two-headed ogre zombie (D:10)
  A centaur skeleton (D:10)
  A killer bee zombie (D:9)
  A sky beast zombie (D:4)
  An ogre zombie (D:9)
  2 hound zombies
  A hound skeleton (D:5)
  7 worker ant zombies
  A gnoll zombie (D:4)
  An adder zombie (D:9)
  A giant cockroach zombie (D:5)
  A giant newt zombie (D:5)
  A gnoll skeleton (D:4)
  4 jackal zombies
  2 orc skeletons
  6 orc zombies
  A river rat zombie (D:10)
  A bush (D:10)
  2 fungi (D:10)
  11 plants (D:10)
52 creatures vanquished.

Grand Total: 397 creatures vanquished

Action                   |  1- 3 |  4- 6 |  7- 9 | 10-12 || total
-------------------------+-------+-------+-------+-------++-------
Melee: Dagger            |     6 |    22 |    90 |       ||   118
       Whip              |    45 |   300 |     7 |       ||   352
       Kick              |     9 |    66 |   101 |    60 ||   236
       Flail             |       |       |   333 |   199 ||   532
 Fire: Blowgun           |       |       |    81 |    72 ||   153
Throw: Stone             |     2 |       |       |       ||     2
       Javelin           |       |       |     4 |     1 ||     5
 Cast: Flame Tongue      |    51 |    80 |    29 |       ||   160
       Conjure Flame     |       |     1 |     2 |     8 ||    11
       Inner Flame       |       |       |     8 |    14 ||    22
Invok: Animate Remains   |       |       |    35 |     4 ||    39
       Animate Dead      |       |       |       |    17 ||    17
       Recall Undead Sla |       |       |       |     2 ||     2
Evoke: Wand              |       |       |     5 |       ||     5
  Use: Scroll            |       |     3 |     7 |     3 ||    13
       Potion            |       |     1 |     1 |     2 ||     4
 Stab: Distracted        |       |       |       |     2 ||     2
  Eat: Chunk             |     3 |    11 |    20 |     9 ||    43
       Meat ration       |       |     1 |     1 |       ||     2
       Bread ration      |       |       |     1 |     1 ||     2
       Pizza             |       |       |     1 |     1 ||     2
       Royal jelly       |       |       |       |     1 ||     1
       Beef jerky        |       |       |       |     1 ||     1
Armor: Robe              |    28 |   124 |    65 |       ||   217
       Ring mail         |       |       |   158 |   153 ||   311
Dodge: Dodged            |    32 |   159 |   217 |    90 ||   498
Block: Other             |       |       |    13 |    12 ||    25

Vault maps used:
D:1:      dpeg_arrival_chase
D:2:      yredelemnul_altar_generic, marbit_many_paths, first_bread,
          minmay_tree_intersection, uniq_robin
D:3:      nicolae_dithmenos_through_a_glass_darkly, hex_medium, minmay_cupped
D:4:      kennysheep_little_box, uniq_eustachio, uniq_sigmund
D:5:      grunt_temple_overflow_order_and_chaos_2,
          grunt_temple_overflow_magic_moments, lemuel_crystal_altar,
          serial_shops, shop, uniq_duvessa
D:6:      minmay_misc_feat_encased
D:8:      the_bakery
D:9:      nemelex_xobeh_ov_fountains_minmay, nicolae_overflow_hidden_temple
D:10:     kennysheep_blocky_room, minmay_lair_entry_grove, minivault_29,
          uniq_erolcha
Temple:   compressed_dpeg_triangle_lava_temple
